 Dungeon Crawl Stone Soup version 0.27.1-35-g4d5d836560 (webtiles) character file.

Game seed: 3113167233325403192

34268 Delamore the Fencer (level 13, -12/85 HPs)
             Began as an Octopode Brigand on June 21, 2022.
             Was an Initiate of Gozag.
             Shot with an arrow by Nessos (17 damage)
             ... on level 5 of the Lair of Beasts.
             The game lasted 00:37:11 (13459 turns).

Delamore the Fencer (Octopode Brigand)             Turns: 13459, Time: 00:37:11

Health: -12/85     AC: 13    Str: 14    XL:     13   Next: 76%
Magic:  29/29      EV: 16    Int: 28    God:    Gozag
Gold:   1700       SH:  5    Dex: 16    Spells: 16/22 levels left

rFire    + + .     SeeInvis +   z - +7 Singing Sword {vorpal, sonic wave}
rCold    + . .     Faith    .   U - +0 buckler
rNeg     + . .     Spirit   .   O - +0 hat {Will+}
rPois    +         Reflect  .   k - amulet of regeneration
rElec    +         Harm     .   s - +4 ring of protection
rCorr    +         Rampage  .   t - +4 ring of protection
Will     ++...                  v - +4 ring of protection
Stlth    ++++......             w - ring of magical power
HPRegen  1.24/turn              R - ring of see invisible
MPRegen  0.21/turn              V - +6 ring of intelligence
                                S - ring of the City {rF+ Will+ Str+4 Int+4}
                                W - ring of Qimorus {rN+ Int+2}

@: lethally poisoned (-12 -> -53), resistant, gold aura, invisible
A: almost no armour, amphibious, 8 rings, camouflage 1, gelatinous body 1,
(nimble swimmer 1), tentacles
a: Renounce Religion, Potion Petition, Call Merchant, Bribe Branch


You were on level 5 of the Lair of Beasts.
You worshipped Gozag.
Gozag was most pleased with you.
You visited 3 branches of the dungeon, and saw 15 of its levels.
You also visited: Gauntlet.

You collected 2921 gold pieces.
You spent 264 gold pieces at shops.
You paid 957 gold pieces to Gozag.

Inventory:

Hand Weapons
 z - the +7 Singing Sword (weapon) {vorpal, sonic wave}
   (You found it on level 5 of the Dungeon)

   It inflicts extra damage upon your enemies.
   It radiates damaging sonic waves as it strikes, especially in combat
   involving dangerous or numerous foes.
Missiles
 b - 34 poisoned darts
 c - 5 curare-tipped darts
 d - 4 atropa-tipped darts
 e - 4 throwing nets
 h - 5 datura-tipped darts
 B - 17 boomerangs
 F - 4 silver javelins (quivered)
 G - 18 javelins
 P - 3 silver boomerangs
Armour
 g - a +1 tower shield of fire resistance
 N - a +0 kite shield
 O - a +0 hat of willpower (worn)
 U - a +0 buckler (worn)
Jewellery
 k - an amulet of regeneration (around mantle)
 s - a +4 ring of protection (left tentacle)
 t - a +4 ring of protection (right tentacle)
 v - a +4 ring of protection (on tentacle)
 w - a ring of magical power (on tentacle)
 R - a ring of see invisible (on tentacle)
 S - the ring of the City (on tentacle) {rF+ Will+ Str+4 Int+4}
   (You found it in a Gauntlet)

   [ring of protection from fire]

   Str:       It affects your strength (+4).
   Int:       It affects your intelligence (+4).
   rF:        It protects you from fire.
   Will:      It increases your willpower.
 V - a +6 ring of intelligence (on tentacle)
 W - the ring of Qimorus (on tentacle) {rN+ Int+2}
   (You took it off a minotaur in a Gauntlet)

   [ring of positive energy]

   Int:       It affects your intelligence (+2).
   rN:        It protects you from negative energy.
Wands
 n - a wand of digging (7)
 q - a wand of flame (23)
 r - a wand of polymorph (10)
 A - a wand of iceblast (15)
 H - a wand of acid (7)
 I - a wand of charming (8)
Scrolls
 x - 4 scrolls of fog
 y - a scroll of enchant weapon
 D - 2 scrolls of silence
 J - 6 scrolls of teleportation
 L - 3 scrolls of enchant armour
 X - a scroll of immolation {unknown}
 Z - a scroll of identify
Potions
 a - a potion of flight
 f - 2 potions of lignification
 i - a potion of ambrosia
 j - 3 potions of heal wounds
 l - 3 potions of berserk rage
 m - a potion of magic {unknown}
 o - 6 potions of curing
 p - 5 potions of might
 u - a potion of resistance {unknown}
 C - 2 potions of haste
 E - a potion of invisibility {unknown}
 K - 4 potions of brilliance
 Q - a potion of mutation {unknown}
Miscellaneous
 T - a tin of tremorstones (2/2)
 Y - a box of beasts (inert)


   Skills:
 + Level 6.8 Fighting
 - Level 2.0(10.9) Short Blades
 - Level 15.9(16.0) Long Blades
 + Level 7.6 Throwing
 + Level 6.8 Dodging
 - Level 5.3 Stealth
 - Level 5.0 Shields
 - Level 5.0 Spellcasting
 - Level 8.0 Ice Magic


You had 16 spell levels left.
You knew the following spells:

 Your Spells              Type           Power      Damage    Failure   Level
a - Ozocubu's Armour      Ice            51%        N/A       1%          3
b - Frozen Ramparts       Ice            100%       1d12      1%          3

Your spell library contained the following spells:

 Spells                   Type           Power      Damage    Failure   Level
 Foxfire                  Conj/Fire      28%        2x1d5     7%          1
 Pain                     Necr           28%        1d5       7%          1
 Sublimation of Blood     Necr           3%         N/A       10%         2
 Ice Form                 Ice/Tmut       29%        N/A       13%         4
 Summon Ice Beast         Ice/Summ       29%        N/A       13%         4
 Conjure Flame            Conj/Fire      7%         6-21      21%         3
 Inner Flame              Hex/Fire       7%         N/A       21%         3
 Stone Arrow              Conj/Erth      14%        3d7       21%         3
 Metabolic Englaciation   Hex/Ice        14%        N/A       34%         5
 Animate Dead             Necr           3%         N/A       54%         4
 Petrify                  Tmut/Erth      7%         N/A       54%         4
 Bolt of Magma            Conj/Fire/Erth 3%         4d5       88%         5
 Borgnjor's Vile Clutch   Necr/Erth      3%         N/A       88%         5
 Irradiate                Conj/Tmut      3%         3d14      88%         5
 Simulacrum               Ice/Necr       14%        N/A       89%         6
 Death Channel            Necr           3%         N/A       100%        6
 Shatter                  Erth           3%         3d7*      100%        9


Dungeon Overview and Level Annotations

Branches:
Dungeon (9/15)             Temple (1/1) D:5            Lair (5/6) D:9
 Shoals (0/4) Lair:2       Spider (0/4) Lair:4          Orc (0/2) D:9
Gauntlet (visited)
  Slime: Lair:5-6

Altars:
Ashenzari
Cheibriados
Elyvilon
Fedhas
Gozag
Hepliaklqana
Kikubaaqudgha
Makhleb
Nemelex Xobeh
Okawaru
Qazlal
Ru
Sif Muna
Trog
Vehumet
Wu Jian
Xom
Yredelemnul
Zin
The Shining One

Shops:
D:3 =*   D:7 !   D:9 :?

Annotations:
D:6 2 transporters, Efficiency's ghost, amateur DDDe
D:9 3 runed translucent doors, Delamore's ghost, novice FoFi
Lair:5 Nessos


Innate Abilities, Weirdness & Mutations

You cannot wear most types of armour.
You are amphibious.
You can wear up to eight rings at the same time.
Your skin changes colour to match your surroundings (Stealth+).
Your rubbery body absorbs attacks. (AC +1, EV +1)
((You are camouflaged near water. (Stealth+)))
You have tentacles for arms and can constrict up to eight enemies at once.


Message History

Aim: Nessos, wielding a +1 longbow of flaming, wearing a +1 barding of stealth and quivering arrows (severely wounded, fast, 76% to hit)
You throw a silver javelin.
The silver javelin barely misses Nessos.
The basilisk hisses angrily.
You feel extremely sick.
An electric eel comes into view.
Nessos shoots an arrow.
The arrow hits you! The arrow burns you.
You are more poisoned.
Nessos shoots an arrow.
The arrow hits you!
* * * LOW HITPOINT WARNING * * *
The arrow burns you.
You are more poisoned.
* * * LOW HITPOINT WARNING * * *
Okay, then.
Aiming: Charm
Press: ? - help, Shift-Dir - straight line, f/p - Nessos
Aim: Nessos, wielding a +1 longbow of flaming, wearing a +1 barding of stealth and quivering arrows (severely wounded, fast, chance to affect: 46%)
Okay, then.
Unknown command.
Press: ? - help, v - describe, . - travel
Here: Nessos, wielding a +1 longbow of flaming, wearing a +1 barding of stealth and quivering arrows (severely wounded, fast)
The floor.
Unknown command.
Press: ? - help, v - describe, . - travel
Here: Nessos, wielding a +1 longbow of flaming, wearing a +1 barding of stealth and quivering arrows (severely wounded, fast)
The floor.
Unknown command.
Press: ? - help, v - describe, . - travel
Here: Nessos, wielding a +1 longbow of flaming, wearing a +1 barding of stealth and quivering arrows (severely wounded, fast)
The floor. [a] - 391 gold - lignification, might and resistance [b] - 486 gold - resistance and invisibility [c] - 200 gold - might and brilliance Purchase which effect?
You feel protected.
You fade into invisibility!
* * * LOW HITPOINT WARNING * * *
You feel extremely sick.
Nessos shoots an arrow.
The arrow hits you!
You die...
Your body crumbles into a pile of gold.

# ###.#.......#...P....##
.. #...#.(...###P..#....#
...###..##$....#####.#.###
...............# ####
..............##
....l........##
#..(c......### .
...........###.≈≈≈
..........@....(≈≈
..............≈≈≈≈
..........>...≈≈≈≈
.........##..S≈≈≈≈
.........# ....≈≈≈
........# #...≈≈≈ ......#
##..;≈ ..... #..≈


You could see Nessos (fast), a black mamba, a basilisk and an electric eel
(wandering).

Vanquished Creatures
  Gastronok (D:9)
  Kirke (Lair:4)
  A minotaur (Gauntlet)
  A green death (Gauntlet)
  3 hydras
  A catoblepas (Lair:3)
  A tengu warrior (Gauntlet)
  6 death yaks (D:9)
  An oklob plant (Gauntlet)
  2 merfolk sirens (Lair:2)
  3 black mambas
  6 cane toads
  Maggie (D:7)
  6 elephants (Lair:4)
  6 komodo dragons
  2 rime drakes (Lair:5)
  2 tengu conjurers (Gauntlet)
  2 merfolk (Lair:2)
  A polar bear (Lair:5)
  3 blink frogs (Lair:1)
  A wraith (D:8)
  A redback (Lair:4)
  A basilisk (Lair:2)
  22 yaks
  4 hogs (Lair:4)
  An acid dragon (Gauntlet)
  11 water moccasins
  4 black bears
  4 ice beasts
  Duvessa (D:7)
  9 orc warriors
  3 necrophages
  19 wolves
  4 ogres
  2 phantoms
  A centaur (D:7)
  3 kobold brigands
  7 bullfrogs
  A gnoll sergeant (D:9)
  4 scorpions
  Dowan (D:7)
  2 wyvern zombies
  A water moccasin skeleton (D:4)
  An elephant simulacrum (Lair:2)
  6 killer bees
  6 wights (D:8)
  2 howler monkeys
  A hound (D:5)
  A bullfrog skeleton (D:6)
  3 jellies
  6 orc priests
  A gnoll shaman (D:7)
  3 iron imps (D:8)
  9 iguanas
  17 orc wizards
  A polar bear simulacrum (Lair:2)
  A wolf simulacrum (Lair:2)
  A howler monkey zombie (D:4)
  16 gnolls
  A howler monkey skeleton (D:7)
  4 adders
  2 shadow imps (D:6)
  2 white imps
  An ufetubus (D:6)
  An adder skeleton (D:4)
  A worm (D:4)
  4 dart slugs
  40 orcs
  13 ball pythons
  11 bats
  9 endoplasms
  2 giant cockroaches
  3 goblins
  11 hobgoblins
  2 jackals (D:4)
  A quokka (D:2)
  7 frilled lizards
  17 kobolds
  6 rats
370 creatures vanquished.

Vanquished Creatures (others)
  A human (Lair:4)
  12 demonic plants (Gauntlet)
  53 fungi
  63 plants
129 creatures vanquished.

Grand Total: 499 creatures vanquished

Notes
Turn   | Place    | Note
-------+----------+-------------------------------------------
     0 | D:1      | Delamore the Octopode Brigand began the quest for the Orb.
     0 | D:1      | Reached XP level 1. HP: 14/14 MP: 1/1
   199 | D:1      | Reached XP level 2. HP: 20/20 MP: 2/2
   580 | D:1      | Reached XP level 3. HP: 25/25 MP: 3/3
   965 | D:2      | Reached XP level 4. HP: 11/31 MP: 4/4
  1932 | D:3      | Noticed an ogre
  1942 | D:3      | Killed an ogre
  1943 | D:3      | Reached XP level 5. HP: 37/37 MP: 5/5
  2125 | D:3      | Found a glowing silver altar of Zin.
  2127 | D:3      | Found Zin's Purification Station.
  2167 | D:3      | Reached XP level 6. HP: 44/44 MP: 6/6
  2171 | D:3      | Learned a level 3 spell: Ozocubu's Armour
  2216 | D:3      | Found a sacrificial altar of Ru.
  2253 | D:3      | Found a snail-covered altar of Cheibriados.
  2274 | D:3      | Found Bexoote's Jewellery Emporium.
  2400 | D:3      | Reached skill level 5 in Fighting
  2758 | D:4      | Reached skill level 1 in Spellcasting
  2758 | D:4      | Reached XP level 7. HP: 13/50 MP: 6/8
  2761 | D:4      | Reached skill level 5 in Dodging
  3202 | D:4      | Reached XP level 8. HP: 53/55 MP: 12/12
  3306 | D:4      | Found an iron altar of Okawaru.
  3584 | D:5      | Entered Level 5 of the Dungeon
  3608 | D:5      | Reached skill level 5 in Throwing
  3903 | D:5      | Found the +7 Singing Sword {vorpal, sonic wave}
  3990 | D:5      | Reached skill level 5 in Spellcasting
  4035 | D:5      | Reached skill level 1 in Long Blades
  4051 | D:5      | Reached skill level 1 in Ice Magic
  4058 | D:5      | Reached skill level 2 in Long Blades
  4066 | D:5      | Found a staircase to the Ecumenical Temple.
  4076 | Temple   | Entered the Ecumenical Temple
  4224 | Temple   | Became a worshipper of Gozag Ym Sagoz the Greedy
  4288 | D:5      | Reached XP level 9. HP: 61/61 MP: 16/16
  4317 | D:5      | Found a stormy altar of Qazlal.
  4319 | D:5      | Found a basalt altar of Yredelemnul.
  4321 | D:5      | Found an ornate altar of the Wu Jian Council.
  4368 | D:5      | Reached skill level 3 in Long Blades
  4554 | D:6      | Learned a level 3 spell: Frozen Ramparts
  4606 | D:6      | Found a transporter.
  4620 | D:6      | Noticed Efficiency's ghost (amateur DDDe)
  4630 | D:6      | Found a transporter.
  4703 | D:6      | Found a bloodstained altar of Trog.
  4711 | D:6      | Reached skill level 4 in Long Blades
  5265 | D:7      | Noticed Maggie
  5299 | D:7      | Found a radiant altar of Vehumet.
  5303 | D:7      | Found an ancient bone altar of Kikubaaqudgha.
  5304 | D:7      | Found a shimmering blue altar of Sif Muna.
  5305 | D:7      | Noticed Duvessa
  5305 | D:7      | Noticed Dowan
  5333 | D:7      | Killed Duvessa
  5334 | D:7      | Reached skill level 5 in Long Blades
  5336 | D:7      | Killed Dowan
  5451 | D:7      | Killed Maggie
  5452 | D:7      | Reached skill level 6 in Long Blades
  5474 | D:7      | Reached skill level 7 in Long Blades
  5700 | D:7      | Reached XP level 10. HP: 66/66 MP: 17/17
  5822 | D:7      | Reached skill level 5 in Ice Magic
  5841 | D:7      | Found Luicluo's Distillery.
  5946 | D:7      | Reached skill level 8 in Long Blades
  6082 | D:7      | Got Kikubaaqudgha's Guide on Stolen Souls
  6148 | D:7      | Bought a potion of might for 48 gold pieces
  6148 | D:7      | Bought a potion of degeneration for 12 gold pieces
  6148 | D:7      | Bought a potion of heal wounds for 60 gold pieces
  6148 | D:7      | Bought a potion of heal wounds for 60 gold pieces
  6364 | D:8      | Reached skill level 9 in Long Blades
  6620 | D:8      | Found a burning altar of Makhleb.
  7438 | D:9      | Reached skill level 10 in Long Blades
  7443 | D:9      | Noticed Gastronok
  7455 | D:9      | Killed Gastronok
  7456 | D:9      | Reached skill level 11 in Long Blades
  7456 | D:9      | Reached XP level 11. HP: 41/71 MP: 18/18
  7599 | D:9      | Found a shimmering altar of Xom.
  7602 | D:9      | Found a shimmering altar of Xom.
  7602 | D:9      | Noticed a mana viper
  7603 | D:9      | a mana viper changed into a tarantella
  7605 | D:9      | Found a shimmering altar of Xom.
  7640 | D:9      | Noticed a death yak
  7640 | D:9      | Noticed a death yak
  7641 | D:9      | Noticed a death yak
  7642 | D:9      | Noticed a death yak
  7642 | D:9      | Noticed a death yak
  7642 | D:9      | Noticed a death yak
  7651 | D:9      | Killed a death yak
  7652 | D:9      | Reached skill level 12 in Long Blades
  7654 | D:9      | Killed a death yak
  7663 | D:9      | Killed a death yak
  7670 | D:9      | Killed a death yak
  7671 | D:9      | Reached skill level 13 in Long Blades
  7711 | D:9      | Found Juecw's Book Boutique.
  7715 | D:9      | Found a staircase to the Lair.
  7783 | D:9      | Killed a death yak
  7784 | D:9      | Killed a death yak
  7923 | D:9      | Found a runed translucent gate.
  7923 | D:9      | Found a runed translucent gate.
  7923 | D:9      | Found a runed translucent gate.
  7923 | D:9      | Noticed Delamore's ghost (novice FoFi)
  8128 | D:9      | Found a staircase to the Orcish Mines.
  8542 | D:9      | Identified a scroll of acquirement
  8544 | D:9      | Acquired a +0 hat of willpower
  8649 | D:9      | Bought 3 scrolls of identify for 84 gold pieces
  8713 | Lair:1   | Entered Level 1 of the Lair of Beasts
  8729 | Lair:1   | Reached skill level 14 in Long Blades
  8781 | Lair:1   | Identified the +3 trident of Eternal Night {drain, rElec
                  | Dex+2}
  8888 | Lair:1   | Reached XP level 12. HP: 74/77 MP: 19/19
  9620 | Lair:2   | Found a frozen archway.
  9699 | Lair:2   | Reached skill level 15 in Long Blades
  9699 | Lair:2   | Found a staircase to the Shoals.
  9745 | Lair:2   | Found a gate leading to a gauntlet.
  9754 | Gauntlet | Entered a Gauntlet
  9754 | Gauntlet | Found a transporter.
  9762 | Gauntlet | Found a transporter.
  9763 | Gauntlet | Noticed a tengu warrior
  9764 | Gauntlet | Found a transporter.
  9766 | Gauntlet | Found a transporter.
  9785 | Gauntlet | Found a large runed translucent door.
  9786 | Gauntlet | Found a large runed translucent door.
  9787 | Gauntlet | Found a large runed translucent door.
  9787 | Gauntlet | Found a large runed translucent door.
  9787 | Gauntlet | Found a runed translucent door.
  9787 | Gauntlet | Found a runed translucent door.
  9788 | Gauntlet | Found a large runed translucent door.
  9789 | Gauntlet | Found a large runed translucent door.
  9790 | Gauntlet | Found a large runed translucent door.
  9790 | Gauntlet | Found a large runed translucent door.
  9790 | Gauntlet | Found a large runed translucent door.
  9790 | Gauntlet | Found a large runed translucent door.
  9790 | Gauntlet | Found a large runed translucent door.
  9790 | Gauntlet | Found a large runed translucent door.
  9791 | Gauntlet | Found a large runed translucent door.
  9791 | Gauntlet | Found a large runed translucent door.
  9792 | Gauntlet | Found a large runed translucent door.
  9792 | Gauntlet | Found a large runed translucent door.
  9794 | Gauntlet | Found a transporter.
  9801 | Gauntlet | Found a runed translucent gate.
  9801 | Gauntlet | Found a runed translucent gate.
  9801 | Gauntlet | Found a runed translucent gate.
  9802 | Gauntlet | Noticed a death scarab
  9803 | Gauntlet | Found a transporter.
  9818 | Gauntlet | Found a transporter.
  9826 | Gauntlet | Found a transporter.
  9841 | Gauntlet | Found a transporter.
  9861 | Gauntlet | Found a transporter.
  9886 | Gauntlet | Found a transporter.
  9891 | Gauntlet | Found a transporter.
  9915 | Gauntlet | Noticed an alligator
  9915 | Gauntlet | a slime creature changed into an alligator
  9916 | Gauntlet | Found a transporter.
  9919 | Gauntlet | Noticed a ghost moth
  9919 | Gauntlet | an alligator changed into a ghost moth
  9921 | Gauntlet | Noticed a green death
  9945 | Gauntlet | Found a transporter.
  9951 | Gauntlet | Found a transporter.
  9975 | Gauntlet | Found the +8 whip "Snakebite" {venom, curare, rPois}
  9976 | Gauntlet | Found a transporter.
  9981 | Gauntlet | Found a transporter.
 10031 | Gauntlet | Found a transporter.
 10076 | Gauntlet | Noticed an ice dragon
 10120 | Gauntlet | Killed a tengu warrior
 10172 | Gauntlet | Killed a green death
 10173 | Gauntlet | Reached skill level 1 in Shields
 10182 | Gauntlet | Identified the ring of the City {rF+ Will+ Str+4 Int+4}
 10204 | Gauntlet | Identified the +8 lajatang "Xuisch" {pain, Fly rPois rF+}
 10204 | Gauntlet | Identified the ring of Qimorus {rN+ Int+2}
 10204 | Gauntlet | Noticed a minotaur
 10212 | Gauntlet | Killed a minotaur
 10219 | Gauntlet | Identified the +1 scale mail of the True Pharaoh {Will+
                  | SInv}
 10387 | Lair:2   | Noticed a six-headed hydra
 10395 | Lair:2   | Killed a six-headed hydra
 10396 | Lair:2   | Reached XP level 13. HP: 77/81 MP: 20/20
 11409 | Lair:3   | Reached skill level 5 in Shields
 12179 | Lair:3   | Acquired a +1 tower shield of fire resistance
 12286 | Lair:4   | Noticed Kirke
 12297 | Lair:4   | Killed Kirke
 12538 | Lair:4   | Found a hole to the Spider Nest.
 13428 | Lair:5   | Noticed Nessos
 13459 | Lair:5   | Shot with an arrow by Nessos

Illustrated notes

Levels and vault maps discovered:
D:1:      ncdulo_smallfort, layout_loops_ring, minmay_distorted
D:2:      layout_basic, serial_glass, glass_columns_a, glass_columns_a,
          glass_columns_b, glass_columns_c, glass_columns_c, item_on_display_b,
          minmay_strange_pillars, item_on_display_a
D:3:      layout_loops_cross, nicolae_ru_awakened_eye, cheibriados_altar_1,
          zin_purify, serial_shops, shop
D:4:      layout_loops_ring, mainiacjoe_overflow_alcove_2, dk_noncrumbling_4,
          chequers_serial_rivers_room_a
D:5:      old_forge, layout_rooms, grunt_temple_overflow_diamond,
          temple_doors_cd
D:6:      layout_loops_ring, trog_ov_bears_minmay, gammafunk_ghost_stat_death,
          grunt_ministairs_1
D:7:      layout_rooms, grunt_temple_overflow_magic_moments, serial_shops, shop,
          minmay_misc_feat_x, kennysheep_windowed_goal, uniq_duvessa,
          uniq_maggie
D:8:      layout_basic, demons_altar
D:9:      minmay_weird_star, layout_loops_ring, xom_shifter_show,
          dpeg_lair_monsters, david_orc_4, serial_shops, shop,
          ebering_ghost_rock_garden, chequers_serial_rivers_micro_b,
          uniq_gastronok
Temple:   jpeg_temple_island
Lair:1:   layout_roguey, grunt_megastairs_3
Lair:2:   layout_chaotic_city, elwin_shoals_entry_stream,
          gauntlet_entry_generic, portal_ice_cave_entry_ice_simulacra
Lair:3:   beast_lair_carwin_large_2, layout_cave_pods, serial_rivers,
          chequers_serial_rivers_large_b, chequers_serial_rivers_micro_d,
          chequers_serial_rivers_micro_b, chequers_serial_rivers_micro_d
Lair:4:   layout_roguey, spider_nest_entry_webs, serial_bayou_shore_b,
          lemuel_fruit_tree, uniq_kirke
Lair:5:   layout_hall_layers, serial_bayou_shore_b, serial_bayou_shore_b,
          grunt_megastairs_1, infiniplex_staircase_pool, uniq_nessos

Skill      XL: |  1  2  3  4  5  6  7  8  9 10 11 12 13 |
---------------+----------------------------------------+-----
Dodging        | 2 3 4 5 6 |  6.8
Fighting       | 3 4 5 6 |  6.8
Spellcasting   | 1 3 5 |  5.0
Throwing       | 4 6 7 |  7.6
Long Blades    | 2 7 11 14 15 | 15.9
Ice Magic      | 1 4 5 7 8 |  8.0
Shields        | 2 5 |  5.0
Short Blades   | |  2.0
Stealth        | |  5.3

Action                   |  1- 3 |  4- 6 |  7- 9 | 10-12 | 13-15 || total
-------------------------+-------+-------+-------+-------+-------++-------
Melee: Dagger            |    47 |   100 |   152 |       |       ||   299
       Constrict         |    10 |    19 |    48 |    46 |    10 ||   133
       Tentacles         |     5 |    17 |    46 |    55 |    31 ||   154
       Double sword      |       |       |    65 |   257 |   105 ||   427
       Unarmed           |       |       |     4 |       |       ||     4
Throw: Dart              |       |     8 |    16 |     3 |       ||    27
       Boomerang         |       |       |       |    22 |       ||    22
       Javelin           |       |       |       |     2 |     3 ||     5
       Throwing net      |       |       |       |       |     1 ||     1
 Cast: Frozen Ramparts   |       |       |       |     7 |     1 ||     8
       Ozocubu's Armour  |       |       |       |     3 |     1 ||     4
Invok: Call Merchant     |       |       |       |     1 |       ||     1
       Potion Petition   |       |       |       |       |     1 ||     1
Evoke: Wand              |       |       |     4 |     1 |       ||     5
       Box of beasts     |       |       |       |     1 |       ||     1
  Use: Scroll            |       |     1 |     3 |    10 |     4 ||    18
       Potion            |       |       |     2 |     2 |       ||     4
 Stab: Sleeping          |    15 |    12 |    16 |     6 |     4 ||    53
       Distracted        |       |     1 |       |     7 |     4 ||    12
Armor: Skin              |     1 |    10 |    94 |    74 |    32 ||   211
Dodge: Dodged            |    13 |    50 |   167 |   151 |    58 ||   439
Block: Buckler           |       |       |       |     3 |    20 ||    23
       Rpst.: Double sword |       |       |    15 |    39 |     9 ||    63
